 Dungeon Crawl Stone Soup version 0.28-a0-472-g50180c0d78 (webtiles) character file.

Game seed: 3874886630960316536

560 Dabor the Ruffian (level 6, -3/51 HPs)
             Began as a Demigod Transmuter on Sept 15, 2021.
             Succumbed to Duvessa's poison
             ... on level 4 of the Dungeon.
             The game lasted 00:13:26 (4825 turns).

Dabor the Ruffian (Demigod Transmuter)              Turns: 4825, Time: 00:13:26

Health: -3/51      AC:  2    Str: 19    XL:     6   Next: 82%
Magic:  11/13      EV: 21    Int: 15    God:
Gold:   229        SH:  0    Dex: 19    Spells: 5/11 levels left

rFire   . . .      SeeInvis .     - Unarmed
rCold   . . .      Faith    .   (shield currently unavailable)
rNeg    . . .      Spirit   .   (armour currently unavailable)
rPois   x          Reflect  .   (helmet currently unavailable)
rElec   .          Harm     .   (cloak currently unavailable)
rCorr   .          Rampage  .   (gloves currently unavailable)
Will    .....                   (boots currently unavailable)
Stlth   ++........              (no amulet)
HPRegen 0.17/turn               (no ring)
MPRegen 0.13/turn               (no ring)

@: lethally poisoned (-3 -> -57), spider-form (expiring)
A: venomous fangs, tiny, high mp 1, forlorn
a: End Transformation


You were on level 4 of the Dungeon.
You were a venomous arachnid creature.
You visited 1 branch of the dungeon, and saw 4 of its levels.

You collected 229 gold pieces.

Inventory:

Hand Weapons
 b - a +3 dagger of electrocution (melded)
Missiles
 l - 4 poisoned darts
Armour
 a - a +0 robe (melded)
 c - a +2 cloak (melded)
 m - a scarf of invisibility
 s - a +0 pair of boots (melded)
Wands
 o - a wand of polymorph (5)
Scrolls
 d - 3 scrolls of noise
 f - 2 scrolls of enchant armour
Potions
 e - 2 potions of magic {unknown}
 g - a potion of attraction {unknown}
 h - a potion of flight {unknown}
 i - a potion of invisibility {unknown}
 j - a potion of haste {unknown}
 k - a potion of lignification
 n - a potion of degeneration {unknown}
 q - 3 potions of curing {unknown}
 r - a potion of heal wounds {unknown}


   Skills:
 + Level 3.0 Fighting
 + Level 3.4 Dodging
 + Level 4.0 Unarmed Combat
 + Level 3.2 Spellcasting
 + Level 3.5 Transmutations


You had 5 spell levels left.
You knew the following spells:

 Your Spells              Type           Power      Damage    Failure   Level
a - Beastly Appendage     Tmut           24%        N/A       14%         1
b - Wereblood             Tmut           12%        N/A       19%         2
c - Spider Form           Tmut/Pois      3%         N/A       50%         3

Your spell library contained the following spells:

 Spells                   Type           Power      Damage    Failure   Level
 Magic Dart               Conj           8%         1d3       41%         1
 Call Imp                 Summ           2%         N/A       52%         2
 Slow                     Hex            2%         N/A       52%         2
 Confusing Touch          Hex            2%         N/A       73%         3
 Mephitic Cloud           Conj/Pois/Air  2%         N/A       73%         3
 Vampiric Draining        Necr           1%         2d6       73%         3
 Ice Form                 Ice/Tmut       7%         N/A       85%         4


Dungeon Overview and Level Annotations

Branches:
Dungeon (4/15)             Temple (0/1) D:4

Annotations:
D:4 Dowan, Duvessa


Innate Abilities, Weirdness & Mutations

You are a venomous arachnid creature.
You have poisonous fangs.
You are tiny and dextrous.
Your spellcasting is less reliable in this form.
Your armour is entirely melded.
You are incapable of wielding weapons or throwing items.
Your attributes grow dramatically as you level up.
You have an increased reservoir of magic. (+10% MP)
You shall have no god before yourself.


Message History

You destroy the wyvern skeleton!
Your Fighting skill increases to level 3!
No target in view!
There is an open door here.
Duvessa, Sister of Dowan comes into view.
She is wielding a +4 rapier of venom.
Duvessa shouts!
There is an open door here.
Press: ? - help, v - describe, . - travel
Here: Duvessa, wielding a +4 rapier of venom and wearing a +0 leather armour The floor.
Casting: Beastly Appendage (safe; 4% risk of failure)
Confirm with . or Enter, or press ? or * to list all spells.
You turn into a venomous arachnid creature.
Your +3 dagger of electrocution melds into your body.
Your +2 cloak melds into your body.
Your +0 pair of boots melds into your body.
Your +0 robe melds into your body.
Your +3 dagger of electrocution stops crackling.
Your transformation is almost over.
Casting: Spider Form (quite dangerous; 50% risk of failure)
Confirm with . or Enter, or press ? or * to list all spells.
Okay, then.
Dowan shouts!
You hit Duvessa but do no damage. Duvessa completely misses you.
You bite Duvessa!
Duvessa is poisoned.
Duvessa is moderately wounded.
Duvessa hits you with a +4 rapier of venom!
You are poisoned.
You hit Duvessa.
Duvessa looks as sick as possible!
Duvessa is moderately wounded.
You feel very sick.
Duvessa hits you with a +4 rapier of venom!
You are lethally poisoned!
You hit Duvessa but do no damage.
Duvessa looks as sick as possible!
Duvessa is heavily wounded.
* * * LOW HITPOINT WARNING * * *
You feel extremely sick.
Duvessa says, "My weaknesses are his strengths!"
Duvessa barely misses you.
You die...

#....#.......#
#....#.......#
#....#.......#
#....#.......#
#....#.......#######
#....#..............
#....#..............
#....#..............
##..s.#..............
#.....#........(.....
####e##..............
#......#########+####
#...e..#.............
#......#.............
#......#.............
#......#.............
#..#####.............


You could see Duvessa (extremely poisoned) and Dowan.

Vanquished Creatures
  A black bear (D:2)
  A wyvern skeleton (D:4)
  A bullfrog skeleton (D:4)
  3 iron imps (D:3)
  Natasha (thrice) (D:2)
  An iguana (D:4)
  2 orc wizards (D:3)
  3 adders (D:2)
  3 gnolls (D:2)
  2 worms
  2 dart slugs (D:3)
  7 orcs
  4 endoplasms
  3 giant cockroaches
  7 goblins
  6 hobgoblins
  A jackal (D:3)
  6 kobolds
  2 quokkas (D:1)
  8 ball pythons
  7 bats
  5 frilled lizards
  7 rats
85 creatures vanquished.

Notes
Turn   | Place    | Note
-------+----------+-------------------------------------------
     0 | D:1      | Dabor the Demigod Transmuter began the quest for the Orb.
     0 | D:1      | Reached XP level 1. HP: 15/15 MP: 5/5
   283 | D:1      | Reached skill level 1 in Fighting
   508 | D:1      | Reached XP level 2. HP: 17/23 MP: 7/7
  1203 | D:2      | Noticed Natasha
  1219 | D:2      | Reached skill level 3 in Unarmed Combat
  1219 | D:2      | Reached XP level 3. HP: 21/28 MP: 6/8
  1228 | D:2      | Killed Natasha
  1423 | D:2      | Reached XP level 4. HP: 34/36 MP: 8/10
  1429 | D:2      | Learned a level 2 spell: Wereblood
  1860 | D:2      | Noticed Natasha
  1867 | D:2      | Killed Natasha
  2089 | D:2      | Noticed a black bear
  2106 | D:2      | Learned a level 3 spell: Spider Form
  2135 | D:2      | Killed a black bear
  2136 | D:2      | Reached XP level 5. HP: 37/42 MP: 7/12
  2556 | D:2      | Noticed Natasha
  3003 | D:2      | Killed Natasha
  3734 | D:3      | Reached XP level 6. HP: 18/50 MP: 7/13
  4534 | D:4      | Found a staircase to the Ecumenical Temple.
  4592 | D:4      | Noticed Dowan
  4650 | D:4      | Reached skill level 4 in Unarmed Combat
  4808 | D:4      | Noticed Duvessa
  4825 | D:4      | Succumbed to Duvessa's poison

Illustrated notes

Levels and vault maps discovered:
D:1:      minmay_arrival_jagged, layout_loops_ring,
          dreamdust_ecumenical_altar_angels_and_demons, minivault_5
D:2:      layout_loops_cross, uniq_natasha
D:3:      layout_basic, demons_altar, hangedman_abyss_or_decor_lesser_grid,
          minmay_three_crescents
D:4:      layout_gridville, nicolae_ru_awakened_eye, grunt_temple_overflow_open,
          minmay_temple_entry_statues_fountains, corexii_checkpoint_b,
          uniq_duvessa

Skill      XL: |  1  2  3  4  5  6 |
---------------+-------------------+-----
Fighting       | 1 2 3 |  3.0
Dodging        | 2 3 |  3.4
Transmutations | 2 3 |  3.5
Spellcasting   | 2 3 |  3.2
Unarmed Combat | 3 4 |  4.0

Action                   |  1- 3 |  4- 6 || total
-------------------------+-------+-------++-------
Melee: Dagger            |    84 |   115 ||   199
       Unarmed           |     7 |    35 ||    42
       Kick              |     6 |    15 ||    21
       Headbutt          |     1 |     8 ||     9
       Punch             |       |     1 ||     1
 Cast: Beastly Appendage |     5 |    10 ||    15
       Spider Form       |       |     5 ||     5
       Wereblood         |       |     1 ||     1
  Use: Scroll            |     3 |     2 ||     5
       Potion            |       |     1 ||     1
 Stab: Sleeping          |       |     1 ||     1
Armor: Robe              |    21 |    20 ||    41
       Skin              |     1 |     8 ||     9
Dodge: Dodged            |    65 |    70 ||   135

Table legend: (Time is in decaauts)
 A = Elapsed time spent in this place.
 B = Non-inter-level travel time spent in this place.
 C = Inter-level travel time spent in this place.
 D = Time resting spent in this place.
 E = Time spent auto-exploring this place.
 F = Levels seen in this place.
 G = Mean time per level.
                   A        B        C        D        E       F      G
               +--------+--------+--------+--------+--------+-----+--------+
         Total |   4818 |   4676 |    142 |   1049 |   2470 |   4 | 1204.5 |
       Dungeon |   4818 |   4676 |    142 |   1049 |   2470 |   4 | 1204.5 |
               +--------+--------+--------+--------+--------+-----+--------+

Top non-repeatable levels by time:
     D:1: 1821 daAuts
     D:3: 1362 daAuts
     D:2: 1297 daAuts
     D:4: 337 daAuts
